TOP OF THE 1ST |
Birmingham Steeldogs batting - Pitching for Houston Marshals : LHP Carlos Tavárez
|
Pitching: LHP Carlos Tavárez
|
|
Batting: RHB Nick Webb
|
0-0: Fly out, F5 (Popup, 6S)
|
Batting: RHB Sixto Vélez
|
0-0: Called Strike 0-1: Called Strike 0-2: Foul Ball, location: 2F 0-2: Strikes out swinging
|
Batting: LHB José Hernández
|
0-0: DOUBLE (Line Drive, 9LM)
|
Batting: RHB Valentín Borges
|
0-0: Ball 1-0: Called Strike 1-1: Foul Ball, location: 2F 1-2: Foul Ball, location: 2F 1-2: Strikes out swinging
|
Top of the 1st over - 0 run(s), 1 hit(s), 0 error(s), 1 left on base; Birmingham 0 - Houston 0 |
BOTTOM OF THE 1ST |
Houston Marshals batting - Pitching for Birmingham Steeldogs : RHP Pete Cook
|
Pitching: RHP Pete Cook
|
|
Batting: RHB David Murray
|
0-0: Fly out, F8 (Flyball, 8LS)
|
Batting: LHB Lewis Barr
|
0-0: Ball 1-0: Swinging Strike 1-1: Ball 2-1: Ball 3-1: Foul Ball, location: 2F 3-2: Foul Ball, location: 2F 3-2: Foul Ball, location: 2F 3-2: Strikes out swinging
|
Batting: LHB Matt Smith
|
0-0: Hit by Pitch
|
Batting: LHB José Rodríguez
|
0-0: Called Strike 0-1: Ball 1-1: Foul Ball, location: 2F 1-2: Strikes out swinging
|
Bottom of the 1st over - 0 run(s), 0 hit(s), 0 error(s), 1 left on base; Birmingham 0 - Houston 0 |
TOP OF THE 2ND |
Birmingham Steeldogs batting - Pitching for Houston Marshals : LHP Carlos Tavárez
|
Batting: RHB Carlos García
|
0-0: Called Strike 0-1: Ball 1-1: Foul Ball, location: 2F 1-2: Strikes out swinging
|
Batting: LHB José Rivera
|
0-0: Foul Ball, location: 2F 0-1: Swinging Strike 0-2: Strikes out swinging
|
Batting: RHB Eric Johnson
|
0-0: Ball 1-0: Ball 2-0: Swinging Strike 2-1: Ball 3-1: Foul Ball, location: 2F 3-2: SINGLE (Groundball, 34D)
|
Batting: SHB Orlando Aguilar
|
0-0: Called Strike 0-1: Called Strike 0-2: Ball 1-2: Ball 2-2: Ball 3-2: Base on Balls Eric Johnson to second
|
Batting: LHB John Haney
|
0-0: Called Strike 0-1: Foul Ball, location: 2F 0-2: Strikes out swinging
|
Top of the 2nd over - 0 run(s), 1 hit(s), 0 error(s), 2 left on base; Birmingham 0 - Houston 0 |
BOTTOM OF THE 2ND |
Houston Marshals batting - Pitching for Birmingham Steeldogs : RHP Pete Cook
|
Batting: LHB John Peterson
|
0-0: Called Strike 0-1: Ball 1-1: Ball 2-1: Ball 3-1: Base on Balls
|
Batting: LHB Kent MacDulothe
|
0-0: Fielders Choice at 2nd, 6-4 (Groundball, 6)
|
Batting: SHB Ramón Lugo
|
0-0: Fly out, F6 (Line Drive, 56)
|
Batting: SHB Juan Gómez
|
0-0: Swinging Strike 0-1: Ball 1-1: Ball 2-1: Ball 3-1: Base on Balls Kent MacDulothe to second
|
Batting: RHB Jim Tracy
|
0-0: Ball 1-0: Ball 2-0: Foul Ball, location: 2F 2-1: Called Strike 2-2: Ball 3-2: SINGLE (Groundball, 34D) Kent MacDulothe to third Juan Gómez to second Kent MacDulothe scores Juan Gómez to third
|
Batting: RHB David Murray
|
0-0: Foul Ball, location: 2F 0-1: Ball 1-1: Foul Ball, location: 2F 1-2: Foul Ball, location: 2F 1-2: Ground out 6-3 (Groundball, 6MS)
|
Bottom of the 2nd over - 1 run(s), 1 hit(s), 0 error(s), 2 left on base; Birmingham 0 - Houston 1 |
TOP OF THE 3RD |
Birmingham Steeldogs batting - Pitching for Houston Marshals : LHP Carlos Tavárez
|
Batting: RHB Nick Webb
|
0-0: Ball 1-0: Called Strike 1-1: Foul Ball, location: 2F 1-2: SINGLE (Line Drive, 8RS)
|
Batting: RHB Sixto Vélez
|
0-0: Ball 1-0: Foul Ball, location: 2F 1-1: Ball 2-1: Ball 3-1: Foul Ball, location: 2F 3-2: Foul Ball, location: 2F 3-2: Strikes out swinging
|
Batting: LHB José Hernández
|
0-0: Fielders Choice at 2nd, 3-6 (Groundball, 3)
|
Batting: RHB Valentín Borges
|
0-0: Ball 1-0: Called Strike 1-1: Foul Ball, location: 2F 1-2: Fly out, F8 (Line Drive, 8LD)
|
Top of the 3rd over - 0 run(s), 1 hit(s), 0 error(s), 1 left on base; Birmingham 0 - Houston 1 |
BOTTOM OF THE 3RD |
Houston Marshals batting - Pitching for Birmingham Steeldogs : RHP Pete Cook
|
Batting: LHB Lewis Barr
|
0-0: Foul Ball, location: 2F 0-1: Ball 1-1: Ball 2-1: Foul Ball, location: 2F 2-2: Ball 3-2: Foul Ball, location: 2F 3-2: DOUBLE (Line Drive, 5D)
|
Batting: LHB Matt Smith
|
0-0: Ball 1-0: Ball 2-0: Ball 3-0: Base on Balls
|
Batting: LHB José Rodríguez
|
0-0: Ball 1-0: Ball 2-0: Foul Ball, location: 2F 2-1: Swinging Strike 2-2: Strikes out swinging
|
Batting: LHB John Peterson
|
0-0: Ball 1-0: Ball 2-0: Called Strike 2-1: Swinging Strike 2-2: Ball 3-2: DOUBLE (Line Drive, 9D) Lewis Barr scores Matt Smith to third
|
Batting: LHB Kent MacDulothe
|
0-0: 3-RUN HOME RUN (Flyball, 89XD), Distance : 385 ft
|
Batting: SHB Ramón Lugo
|
0-0: Called Strike 0-1: Fly out, F8 (Flyball, 78XD)
|
Batting: SHB Juan Gómez
|
0-0: Foul Ball, location: 2F 0-1: Ball 1-1: Called Strike 1-2: Strikes out swinging
|
Bottom of the 3rd over - 4 run(s), 3 hit(s), 0 error(s), 0 left on base; Birmingham 0 - Houston 5 |
TOP OF THE 4TH |
Birmingham Steeldogs batting - Pitching for Houston Marshals : LHP Carlos Tavárez
|
Batting: RHB Carlos García
|
0-0: Called Strike 0-1: Foul Ball, location: 2F 0-2: Ball 1-2: Fly out, F8 (Flyball, 8LS)
|
Batting: LHB José Rivera
|
0-0: Ball 1-0: Foul Ball, location: 2F 1-1: Ball 2-1: Swinging Strike 2-2: Strikes out swinging
|
Batting: RHB Eric Johnson
|
0-0: Ball 1-0: Swinging Strike 1-1: Ball 2-1: Called Strike 2-2: Fly out, F3 (Line Drive, 3S)
|
Top of the 4th over - 0 run(s), 0 hit(s), 0 error(s), 0 left on base; Birmingham 0 - Houston 5 |
BOTTOM OF THE 4TH |
Houston Marshals batting - Pitching for Birmingham Steeldogs : RHP Pete Cook
|
Batting: RHB Jim Tracy
|
0-0: Ball 1-0: Ball 2-0: Ball 3-0: Swinging Strike 3-1: Swinging Strike 3-2: Foul Ball, location: 2F 3-2: Fly out, F8 (Flyball, 8RD)
|
Batting: RHB David Murray
|
0-0: Swinging Strike 0-1: Foul Ball, location: 2F 0-2: Foul Ball, location: 2F 0-2: Ball 1-2: Ball 2-2: Foul Ball, location: 2F 2-2: Ball 3-2: SINGLE (Popup, 5D)
|
Batting: LHB Lewis Barr
|
0-0: Fielders Choice at 2nd, 5-4 (Groundball, 5)
|
Batting: LHB Matt Smith
|
0-0: Ball 1-0: SINGLE (Flyball, 9LM) Lewis Barr to second Runner from 2nd tries for 3rd, SAFE, throw made to third
|
Batting: LHB José Rodríguez
|
0-0: Reached on error, E4 (Groundball, 4) Lewis Barr scores Matt Smith to second
|
Batting: LHB John Peterson
|
0-0: Ball 1-0: Foul Ball, location: 2F 1-1: Ball 2-1: Fly out, F8 (Flyball, 8RS)
|
Bottom of the 4th over - 1 run(s), 2 hit(s), 1 error(s), 2 left on base; Birmingham 0 - Houston 6 |
TOP OF THE 5TH |
Birmingham Steeldogs batting - Pitching for Houston Marshals : LHP Carlos Tavárez
|
Batting: SHB Orlando Aguilar
|
0-0: Ball 1-0: Swinging Strike 1-1: Ball 2-1: Foul Ball, location: 2F 2-2: Strikes out looking
|
Batting: LHB John Haney
|
0-0: Ball 1-0: Ball 2-0: Called Strike 2-1: Swinging Strike 2-2: Foul Ball, location: 2F 2-2: Foul Ball, location: 2F 2-2: Strikes out swinging
|
Batting: RHB Nick Webb
|
0-0: Called Strike 0-1: Ball 1-1: Called Strike 1-2: Foul Ball, location: 2F 1-2: Fly out, F8 (Line Drive, 8RD)
|
Top of the 5th over - 0 run(s), 0 hit(s), 0 error(s), 0 left on base; Birmingham 0 - Houston 6 |
BOTTOM OF THE 5TH |
Houston Marshals batting - Pitching for Birmingham Steeldogs : RHP Pete Cook
|
Pitching: RHP Michel Dallaire
|
|
Batting: LHB Kent MacDulothe
|
0-0: Ball 1-0: Ball 2-0: Swinging Strike 2-1: Foul Ball, location: 2F 2-2: Strikes out swinging
|
Batting: SHB Ramón Lugo
|
0-0: Ball 1-0: Called Strike 1-1: Ball 2-1: Ball 3-1: Base on Balls
|
Batting: SHB Juan Gómez
|
0-0: Foul Ball, location: 2F 0-1: Fly out, F5 (Popup, 5)
|
Batting: RHB Jim Tracy
|
0-0: Called Strike 0-1: Fielders Choice at 2nd, 5-4 (Groundball, 56)
|
Bottom of the 5th over - 0 run(s), 0 hit(s), 0 error(s), 0 left on base; Birmingham 0 - Houston 6 |
TOP OF THE 6TH |
Birmingham Steeldogs batting - Pitching for Houston Marshals : LHP Carlos Tavárez
|
Batting: RHB Sixto Vélez
|
0-0: Ball 1-0: Ball 2-0: Swinging Strike 2-1: Foul Ball, location: 2F 2-2: Ball 3-2: Strikes out swinging
|
Batting: LHB José Hernández
|
0-0: Foul Ball, location: 2F 0-1: Fly out, F8 (Flyball, 8RD)
|
Batting: RHB Valentín Borges
|
0-0: Ball 1-0: Foul Ball, location: 2F 1-1: Ball 2-1: Swinging Strike 2-2: Ball 3-2: Hit by Pitch
|
Batting: RHB Carlos García
|
0-0: Called Strike 0-1: Ball 1-1: Foul Ball, location: 2F 1-2: DOUBLE (Line Drive, 78M) Valentín Borges to third
|
Batting: LHB José Rivera
|
0-0: Ball 1-0: Foul Ball, location: 2F 1-1: Fly out, F7 (Flyball, 7LS)
|
Top of the 6th over - 0 run(s), 1 hit(s), 0 error(s), 2 left on base; Birmingham 0 - Houston 6 |
BOTTOM OF THE 6TH |
Houston Marshals batting - Pitching for Birmingham Steeldogs : RHP Michel Dallaire
|
Batting: RHB David Murray
|
0-0: Foul Ball, location: 2F 0-1: Ball 1-1: Fly out, F8 (Flyball, 8RS)
|
Batting: LHB Lewis Barr
|
0-0: Fly out, F8 (Flyball, 78M)
|
Batting: LHB Matt Smith
|
0-0: Called Strike 0-1: Swinging Strike 0-2: Strikes out swinging
|
Bottom of the 6th over - 0 run(s), 0 hit(s), 0 error(s), 0 left on base; Birmingham 0 - Houston 6 |
TOP OF THE 7TH |
Birmingham Steeldogs batting - Pitching for Houston Marshals : LHP Carlos Tavárez
|
Batting: RHB Eric Johnson
|
0-0: Called Strike 0-1: Ground out 5-3 (Groundball, 56)
|
Batting: SHB Orlando Aguilar
|
0-0: Foul Ball, location: 2F 0-1: Ball 1-1: Foul Ball, location: 2F 1-2: Strikes out swinging
|
Batting: LHB John Haney
|
0-0: Called Strike 0-1: Foul Ball, location: 2F 0-2: Strikes out looking
|
Top of the 7th over - 0 run(s), 0 hit(s), 0 error(s), 0 left on base; Birmingham 0 - Houston 6 |
BOTTOM OF THE 7TH |
Houston Marshals batting - Pitching for Birmingham Steeldogs : RHP Michel Dallaire
|
Batting: LHB José Rodríguez
|
0-0: Called Strike 0-1: Swinging Strike 0-2: Ball 1-2: Ball 2-2: Strikes out swinging
|
Batting: LHB John Peterson
|
0-0: Ball 1-0: Ball 2-0: Called Strike 2-1: Foul Ball, location: 2F 2-2: Foul Ball, location: 2F 2-2: Ball 3-2: Base on Balls
|
Batting: LHB Kent MacDulothe
|
0-0: Called Strike 0-1: Called Strike 0-2: Ball 1-2: Grounds into double play, 4-6-3 (Groundball, 4)
|
Bottom of the 7th over - 0 run(s), 0 hit(s), 0 error(s), 0 left on base; Birmingham 0 - Houston 6 |
TOP OF THE 8TH |
Birmingham Steeldogs batting - Pitching for Houston Marshals : LHP Carlos Tavárez
|
Batting: RHB Nick Webb
|
0-0: Called Strike 0-1: Swinging Strike 0-2: Foul Ball, location: 2F 0-2: Ground out 6-3 (Groundball, 6S)
|
Batting: RHB Sixto Vélez
|
0-0: Called Strike 0-1: Ball 1-1: Ball 2-1: Called Strike 2-2: Strikes out looking
|
Batting: LHB José Hernández
|
0-0: Fly out, F8 (Flyball, 8RM)
|
Top of the 8th over - 0 run(s), 0 hit(s), 0 error(s), 0 left on base; Birmingham 0 - Houston 6 |
BOTTOM OF THE 8TH |
Houston Marshals batting - Pitching for Birmingham Steeldogs : RHP Michel Dallaire
|
Batting: SHB Ramón Lugo
|
0-0: Ball 1-0: Ball 2-0: Ball 3-0: Called Strike 3-1: Foul Ball, location: 2F 3-2: Base on Balls
|
Batting: SHB Juan Gómez
|
0-0: Ball 1-0: Called Strike 1-1: Ball 2-1: Ball 3-1: Called Strike 3-2: Foul Ball, location: 2F 3-2: Foul Ball, location: 2F 3-2: Foul Ball, location: 2F 3-2: Base on Balls Ramón Lugo to second
|
Pitching: RHP Craig Draper
|
|
Batting: RHB Jim Tracy
|
0-0: Called Strike 0-1: Foul Ball, location: 2F 0-2: Ball 1-2: Ball 2-2: Ball 3-2: Fly out, F8 (Flyball, 8RM)
|
Batting: RHB David Murray
|
0-0: Ball 1-0: Called Strike 1-1: Foul Ball, location: 2F 1-2: Ball 2-2: Ground out 5-3 (Groundball, 56S) Ramón Lugo to third Juan Gómez to second
|
Batting: LHB Lewis Barr
|
0-0: Ball 1-0: Ball 2-0: SINGLE (Groundball, 56D) Ramón Lugo scores Juan Gómez to third Runner from 3rd tries for Home, SAFE, no throw
|
Batting: LHB Matt Smith
|
0-0: Called Strike 0-1: Fly out, F8 (Flyball, 78S)
|
Bottom of the 8th over - 2 run(s), 1 hit(s), 0 error(s), 1 left on base; Birmingham 0 - Houston 8 |
TOP OF THE 9TH |
Birmingham Steeldogs batting - Pitching for Houston Marshals : LHP Carlos Tavárez
|
Pitching: LHP Alfonso Ramos
|
|
Now at SS: Gregg Nelson
|
|
Batting: RHB Valentín Borges
|
0-0: Swinging Strike 0-1: Foul Ball, location: 2F 0-2: Ball 1-2: Strikes out looking
|
Batting: RHB Carlos García
|
0-0: Ball 1-0: Swinging Strike 1-1: Ball 2-1: Ball 3-1: Foul Ball, location: 2F 3-2: DOUBLE (Line Drive, 89XD)
|
Batting: LHB José Rivera
|
0-0: Ball 1-0: Ball 2-0: Called Strike 2-1: Foul Ball, location: 2F 2-2: Strikes out swinging
|
Pinch Hitting: SHB Theron Harper
|
0-0: Called Strike 0-1: Ground out 1-3 (Groundball, P)
|
Top of the 9th over - 0 run(s), 1 hit(s), 0 error(s), 1 left on base; Birmingham 0 - Houston 8 |
|